 Dungeon Crawl Stone Soup version 0.19-a0-1007-g133f65f (webtiles) character file.

1358 Kurtz the Basher (level 8, -2/59 HPs)
             Began as a Mummy Berserker on July 20, 2016.
             Was an Elder of Trog.
             Slain by an orc warrior
             ... wielding a +0 dire flail
              (24 damage)
             ... on level 6 of the Dungeon.
             The game lasted 00:09:13 (5204 turns).

Kurtz the Basher (Mummy Berserker)                  Turns: 5204, Time: 00:09:13

Health: -2/59      AC:  7    Str: 21    XL:     8   Next: 37%
Magic:  8/8        EV: 12    Int:  6    God:    Trog [****..]
Gold:   287        SH:  6    Dex: 13    Spells: 0 memorised, 7 levels left

rFire  x . .     SeeInvis .     g - +0 morningstar
rCold  + . .     Gourm    .     c - +3 leather armour
rNeg   + + +     Faith    .     (no shield)
rPois  ∞         Spirit   .     (no helmet)
rElec  .         Dismiss  .     o - +0 cloak
rCorr  .         Reflect  +     (no gloves)
SustAt .         Harm     .     (no boots)
MR     +++..                    r - +6 amulet of reflection
Stlth  +.........               (no ring)
                                i - ring of flight

@: regenerating, extremely resistant to hostile enchantments, very unstealthy
A: no food or potions, fire vulnerability, cold resistance 1, negative energy
resistance 3, torment resistance, unbreathing
a: Trog's Hand, Brothers in Arms, Burn Spellbooks, Renounce Religion, Evoke
Flight


You were on level 6 of the Dungeon.
You worshipped Trog.
Trog was greatly pleased with you.
You were not hungry.

You visited 1 branch of the dungeon, and saw 6 of its levels.

You collected 287 gold pieces.

Inventory:

Hand Weapons
 a - a +0 mace
 g - a +0 morningstar (weapon)
Armour
 b - a +0 animal skin
 c - a +3 leather armour (worn)
 h - a +0 scale mail
 o - a +0 cloak (worn)
Jewellery
 i - a ring of flight (left hand)
 r - a +6 amulet of reflection (around neck)
Wands
 j - a wand of iceblast (3/15)
 q - a wand of acid (4/15)
 s - a wand of enslavement (0/24)
Scrolls
 d - a scroll of identify
 e - a scroll of recharging
 f - 4 scrolls of immolation
 k - 3 scrolls of blinking
 l - 3 scrolls of remove curse
 m - a scroll of enchant armour
 n - 2 scrolls of teleportation {unknown}
 p - 2 scrolls of enchant weapon
 t - 2 scrolls of amnesia {unknown}
 u - a scroll of magic mapping {unknown}


   Skills:
 + Level 3.6 Fighting
 + Level 8.8 Maces & Flails
 - Level 1.5 Armour
 - Level 1.5 Dodging


You had 7 spell levels left.
You didn't know any spells.

Dungeon Overview and Level Annotations

Branches:
Dungeon (6/15)             Temple (0/1) D:4

Altars:
Fedhas
Makhleb
Qazlal
Vehumet
Zin


Innate Abilities, Weirdness & Mutations

You do not eat or drink.
Your flesh is vulnerable to fire.
You are immune to poison.
Your flesh is cold resistant. (rC+)
You are immune to negative energy. (rN+++)
You are immune to unholy pain and torment.
You can survive without breathing.


Message History

You closely miss the orc warrior.
The orc warrior is heavily wounded.
The orc warrior hits you but does no damage.
You completely miss the orc warrior.
The orc warrior is heavily wounded.
The orc warrior hits you but does no damage.
You barely miss the orc warrior.
The orc warrior is heavily wounded.
The orc warrior closely misses you.
You closely miss the orc warrior.
The orc warrior is heavily wounded.
The orc warrior hits you with a dire flail!
The orc warrior is no longer covered in acid.
Found 17 gold pieces.
You see here a smoky emerald potion.
Found a hand axe.
Your skin crawls.
You feel resistant to hostile enchantments.
The orc warrior hits you with a dire flail!!
You die...

#### #$. #.#
##########.####.# ###
#........!.o@...#
..###.######.#####...)..
..)...# #.# .####
#)##### #.# # #.# #.#
....o.... ... #.##o.###
#.. #.# o# ... #.# o.


You could see an orc warrior.

Vanquished Creatures
  The ghost of dickshlonger69 the Vexing, an amateur DrEn (D:4)
  Sigmund (D:2)
  An ogre (D:5)
  A phantom (D:5)
  A centaur (D:5)
  A giant frog (D:4)
  A howler monkey (D:4)
  3 hounds
  Crazy Yiuf (D:2)
  Jessica (D:3)
  Terence (D:2)
  Natasha (thrice) (D:2)
  An iguana (D:4)
  An orc wizard (D:6)
  2 worker ants (D:4)
  A killer bee zombie (D:5)
  A hound skeleton (D:4)
  4 gnolls (D:3)
  15 adders
  A howler monkey skeleton (D:5)
  A shadow imp (D:5)
  An adder skeleton (D:4)
  An adder zombie (D:5)
  3 worms
  3 dart slugs
  2 giant geckos
  8 orcs
  A ball python (D:3)
  2 giant cockroaches (D:4)
  7 hobgoblins
  5 jackals
  3 quokkas
  12 bats
  4 giant newts
  3 goblins
  11 kobolds
  12 rats
  2 fungi (D:2)
123 creatures vanquished.

Vanquished Creatures (collateral kills)
  An orc (D:6)
1 creature vanquished.

Vanquished Creatures (others)
  A centaur zombie (D:6)
  An orc wizard (D:6)
2 creatures vanquished.

Grand Total: 126 creatures vanquished

Notes
Turn   | Place    | Note
-------+----------+-------------------------------------------
     0 | D:1      | Kurtz the Mummy Berserker began the quest for the Orb.
     0 | D:1      | Reached XP level 1. HP: 18/18 MP: 1/1
   178 | D:1      | Reached XP level 2. HP: 22/24 MP: 2/2
   243 | D:1      | Reached skill level 3 in Maces & Flails
   769 | D:2      | Reached ** piety under Trog
   784 | D:2      | Reached XP level 3. HP: 27/29 MP: 3/3
   792 | D:2      | Noticed Natasha
   800 | D:2      | Killed Natasha
   800 | D:2      | Reached skill level 4 in Maces & Flails
   800 | D:2      | Reached XP level 4. HP: 26/35 MP: 4/4
   806 | D:2      | Found a faded altar of an unknown god.
  1023 | D:2      | Noticed Terence
  1041 | D:2      | Killed Terence
  1233 | D:2      | Noticed Sigmund
  1495 | D:2      | Noticed Natasha
  1503 | D:2      | Killed Natasha
  1503 | D:2      | Reached XP level 5. HP: 22/41 MP: 5/5
  1691 | D:2      | Noticed Natasha
  1699 | D:2      | Killed Natasha
  1699 | D:2      | Reached skill level 5 in Maces & Flails
  1804 | D:2      | Found a radiant altar of Vehumet.
  1909 | D:3      | Noticed Jessica
  1909 | D:3      | Killed Jessica
  2346 | D:3      | Reached XP level 6. HP: 42/47 MP: 6/6
  2413 | D:3      | Reached *** piety under Trog
  3029 | D:2      | Killed Sigmund
  3029 | D:2      | Reached skill level 6 in Maces & Flails
  3408 | D:2      | Found a runed door.
  3412 | D:2      | Noticed Crazy Yiuf
  3417 | D:2      | Killed Crazy Yiuf
  3527 | D:4      | Reached XP level 7. HP: 52/52 MP: 7/7
  3659 | D:4      | Found a burning altar of Makhleb.
  3661 | D:4      | Found a glowing silver altar of Zin.
  3661 | D:4      | Noticed an angel
  3662 | D:4      | Noticed a cacodemon
  3719 | D:4      | Noticed dickshlonger69's ghost (amateur DrEn)
  3726 | D:4      | Killed dickshlonger69's ghost
  3726 | D:4      | Reached skill level 7 in Maces & Flails
  3785 | D:4      | Found a staircase to the Ecumenical Temple.
  4092 | D:4      | Found a blossoming altar of Fedhas.
  4103 | D:4      | Found a stormy altar of Qazlal.
  4356 | D:4      | Reached skill level 8 in Maces & Flails
  4427 | D:5      | Entered Level 5 of the Dungeon
  4476 | D:5      | Reached **** piety under Trog
  4537 | D:5      | Reached XP level 8. HP: 58/58 MP: 8/8
  5204 | D:6      | Slain by an orc warrior

Vault maps used:
D:1:      dpeg_arrival_rooms_with_view, minmay_misc_feat_enclosed
D:2:      nicolae_overflow_hidden_temple, ecumenical_altar_1, uniq_terence,
          uniq_sigmund, uniq_natasha, uniq_crazy_yiuf_cottage
D:3:      patterned_corridor, uniq_jessica
D:4:      grunt_temple_overflow_order_and_chaos_2,
          grunt_temple_overflow_forces_of_nature, first_bread
D:6:      basic_altar, nicolae_for_you_no_charge

Skill      XL: |  1  2  3  4  5  6  7 |
---------------+----------------------+-----
Maces & Flails | 3 4 5 6 8 |  8.8
Fighting       | |  3.6
Armour         | |  1.5
Dodging        | |  1.5

Action                   |  1- 3 |  4- 6 |  7- 9 || total
-------------------------+-------+-------+-------++-------
Melee: Mace              |   108 |    20 |       ||   128
       Morningstar       |       |   183 |   181 ||   364
Invok: Trog's Hand       |       |     1 |     2 ||     3
       Burn Spellbooks   |       |       |     1 ||     1
Evoke: Wand              |       |     1 |     6 ||     7
  Use: Scroll            |       |       |     6 ||     6
Armor: Leather armour    |    70 |    68 |    54 ||   192
Dodge: Dodged            |   113 |   118 |   125 ||   356
Block: Other             |       |       |    19 ||    19
       Reflection        |       |       |     2 ||     2
